 Dungeon Crawl Stone Soup version 0.19-a0-683-g5f2401d (webtiles) character file.

25 Geppetto the Changer (level 2, 0/12 HPs)
             Began as a Felid Transmuter on June 17, 2016.
             Slain by an adder (5 damage)
             ... on level 2 of the Dungeon.
             The game lasted 00:05:38 (1716 turns).

Geppetto the Changer (Felid Transmuter)             Turns: 1716, Time: 00:05:38

Health: 0/12       AC:  1    Str:  6    XL:     2   Next: 86%
Magic:  1/6        EV: 18    Int: 14    God:
Gold:   93         SH:  0    Dex: 16    Spells: 2 memorised, 2 levels left
                                        Lives:  0   Deaths: 0

rFire  . . .     SeeInvis +       - Unarmed
rCold  . . .     Gourm    .     (armour unavailable)
rNeg   . . .     Faith    .     (shield unavailable)
rPois  .         Spirit   .     (helmet unavailable)
rElec  .         Dismiss  +     (cloak unavailable)
rCorr  .         Reflect  .     (gloves unavailable)
SustAt .         Harm     .     (boots unavailable)
MR     .....                    j - amulet of dismissal
Stlth  ++........               (no ring)
                                (no ring)

@: lethally poisoned (0 -> -5), appendage, very slightly contaminated, quick,
not resistant to hostile enchantments, unstealthy
A: no armour, no weapons or thrown items, claws 1, fangs 3, horns 2, see
invisible, carnivore 3, speed 1, shaggy fur 1, slow metabolism 1, sharp paws
a: End Transformation


You were on level 2 of the Dungeon.
You were completely stuffed.
You had grown temporary horns.
You visited 1 branch of the dungeon, and saw 2 of its levels.

You collected 93 gold pieces.

Inventory:

Missiles
 a - 24 arrows
Jewellery
 j - an amulet of dismissal (around neck)
Scrolls
 d - 2 scrolls of identify
Books
 b - a book of Changes

   Spells                             Type                      Level
   a - Beastly Appendage              Transmutation                1
   b - Sticks to Snakes               Transmutation                2
   c - Spider Form                    Transmutation/Poison         3
   d - Ice Form                       Ice/Transmutation            4
   e - Blade Hands                    Transmutation                5
Comestibles
 c - 2 meat rations
 f - 2 chunks of flesh
 g - a slice of pizza


   Skills:
 - Level 1.0 Fighting
 - Level 2.6 Dodging
 + Level 1.5 Stealth
 + Level 3.2 Unarmed Combat
 - Level 2.0 Spellcasting
 * Level 3.2 Transmutations


You had 2 spell levels left.
You knew the following spells:

 Your Spells              Type           Power        Failure   Level  Hunger
a - Beastly Appendage     Tmut           ##....       10%         1    ##.....
b - Sticks to Snakes      Tmut           ##......     12%         2    ###....


Dungeon Overview and Level Annotations

Branches:
Dungeon (2/15)

Altars:


Innate Abilities, Weirdness & Mutations

You cannot wear armour.
You are incapable of wielding weapons or throwing items.
You have sharp claws.
You have razor-sharp teeth.
You have supernaturally acute eyesight. (SInv)
You are carnivorous and can eat meat at any time.
You cover ground quickly.
You are covered in fur. (AC +1)
You have a slow metabolism.
Your sharp claws are effective at attacking unaware monsters.
You have a pair of horns on your head.


Message History

The adder is moderately wounded.
The adder completely misses you. The adder closely misses you.
Casting: Beastly Appendage
Confirm with . or Enter, or press ? or * to list all spells.
You grow a pair of large bovine horns.
The adder closely misses you.
You scratch the adder.
The adder is heavily wounded.
The adder completely misses you.
You barely miss the adder.
The adder is heavily wounded.
The adder bites you.
You are lethally poisoned!
The adder poisons you!
You barely miss the adder.
The adder is heavily wounded.
You feel sick. The adder closely misses you.
You barely miss the adder. Your headbutt misses the adder.
The adder is heavily wounded.
The adder bites you.
You die...

*,**#.#*,# ##.##********
#.###.##.# #.# *,, #........# #.#
*,* ****#.#*** ##'## *,* #.#
##.<.## *,* #.### ##.....## *,* #
#.#.## ##.......## *,,
##########....####.........#***,,
................@S.........+,,,,,
##.#######....####.........#***,,
##.# #.#.## ##.......## **, ##.#
#.### ##....)## *, ##.# #.#
##...## *, ##.# #.# ##+## *, ##.#
*#.#** *,* *, ##.# *,#.,* *,* *,
..รท# ***,*,**** **,** *,


You could see an adder.

Vanquished Creatures
  2 dart slugs (D:1)
  A giant cockroach (D:2)
  6 jackals
  2 kobolds (D:1)
  4 bats
  A giant newt (D:1)
  3 goblins (D:1)
  2 rats (D:1)
  A bush (D:1)
  A plant (D:1)
23 creatures vanquished.

Notes
Turn   | Place    | Note
--------------------------------------------------------------
     0 | D:1      | Geppetto the Felid Transmuter began the quest for the Orb.
     0 | D:1      | Reached XP level 1. HP: 9/9 MP: 4/4
   180 | D:1      | Reached XP level 2. HP: 5/12 MP: 4/6
   475 | D:1      | Reached skill level 1 in Stealth
   626 | D:1      | Learned a level 2 spell: Sticks to Snakes
  1716 | D:2      | Slain by an adder

Vault maps used:
D:1:      saegor_arrival_simple_a, serial_forest, infiniplex_forest_lined_2,
          infiniplex_forest_lined_3_way, infiniplex_forest_straight_2,
          infiniplex_forest_clump_small, infiniplex_forest_lined_room_2,
          infiniplex_forest_join, infiniplex_forest_end_3,
          hangedman_decor_opposing
D:2:      first_bread, uniq_jessica

Skill      XL: |  1  2 |
---------------+-------+-----
Transmutations | 3 |  3.2
Stealth        | 1 |  1.5
Fighting       | |  1.0
Dodging        | |  2.6
Unarmed Combat | |  3.2
Spellcasting   | |  2.0

Action                   || total
-------------------------++-------
Melee: Unarmed           ||   259
       Bite              ||    26
       Punch             ||    10
       Headbutt          ||     2
 Cast: Beastly Appendage ||    19
  Use: Scroll            ||     6
       Potion            ||     1
 Stab: Sleeping          ||     7
  Eat: Chunk             ||    10
Armor: Skin              ||     2
Dodge: Dodged            ||    33
